 Dungeon Crawl Stone Soup version 0.31.0-11-ge490571c62 (webtiles) character file.

Game seed: 12494042845198305938

15 Goblin1989 the Sneak (level 2, 0/24 HPs)
             Began as a Demonspawn Delver on Feb 2, 2024.
             Slain by an iguana (7 damage)
             ... on level 5 of the Dungeon.
             The game lasted 00:01:49 (189 turns).

Goblin1989 the Sneak (Demonspawn Delver)             Turns: 189, Time: 00:01:50

Health: 0/24       AC:  3    Str: 12    XL:     2   Next: 34%
Magic:  2/2        EV: 11    Int: 10    God:
Gold:   0          SH:  0    Dex: 14    Spells: 1/1 levels left

rFire   . . .        a - +0 mace
rCold   . . .        (no shield)
rNeg    . . .        b - +0 leather armour
rPois   .            (no helmet)
rElec   .            (no cloak)
rCorr   .            (no gloves)
SInv    .            (no boots)
Will    .....        (no amulet)
Stlth   ++           (no ring)
HPRegen 0.24/turn    (no ring)
MPRegen 0.08/turn

%: no passive effects
@: no status effects
A: spiny 1
a: no special abilities


You were on level 5 of the Dungeon.
You visited 1 branch of the dungeon, and saw 1 of its levels.

Inventory:

Hand Weapons
 a - a +0 mace (weapon)
Armour
 b - a +0 leather armour (worn)
Wands
 g - a wand of digging (3) {@v3}
Scrolls
 c - a scroll of fog
 d - a scroll of revelation
 e - a scroll of fear
 h - a scroll of immolation {unknown}
Potions
 f - a potion of haste {@q3,}


   Skills:
 - Level 3.0 Fighting
 + Level 2.7 Maces & Flails
 - Level 1.7 Dodging
 - Level 4.5 Stealth


You had one spell level left.
You didn't know any spells.
Your spell library was empty.

Dungeon Overview and Level Annotations

Branches:
Dungeon (5/15) Zot: 5803
 Temple: D:4-7

Altars:

Annotations:
D:5 1 runed translucent door, exclusions: bombardier beetle and door, Crazy Yiuf


Innate Abilities, Weirdness & Mutations

You are partially covered in sharp spines.


Message History

The shadow imp closely misses you. The shadow imp hits you.
You hit the shadow imp but do no damage.
The shadow imp is heavily wounded.
The shadow imp hits you but does no damage.
You hit the shadow imp.
You kill the shadow imp!
Your Maces & Flails skill increases to level 2!
You see here a serpent talisman.
You start resting.
HP restored.
Health restored: 18 A shadow imp comes into view.
The shadow imp shouts!
You hit the shadow imp.
The shadow imp is heavily wounded.
The shadow imp hits you. x2
You take 6 damage, and have 12/18 hp.
MASSIVE DAMAGE!!
You barely miss the shadow imp.
The shadow imp is heavily wounded.
The shadow imp hits you.
You take 1 damage, and have 11/18 hp.
You barely miss the shadow imp.
The shadow imp is heavily wounded.
The shadow imp barely misses you.
You closely miss the shadow imp.
The shadow imp is heavily wounded.
The shadow imp gestures at you.
You barely resist.
You hit the shadow imp but do no damage.
The shadow imp is heavily wounded.
The shadow imp barely misses you. The shadow imp closely misses you.
You completely miss the shadow imp.
The shadow imp is heavily wounded.
The shadow imp closely misses you.
You closely miss the shadow imp.
The shadow imp is heavily wounded.
The shadow imp barely misses you.
You barely miss the shadow imp.
The shadow imp is heavily wounded.
The shadow imp barely misses you.
The shadow imp hits you but does no damage.
You hit the shadow imp but do no damage.
The shadow imp is heavily wounded.
The shadow imp hits you.
You take 2 damage, and have 11/18 hp.
You hit the shadow imp.
The shadow imp is almost dead.
The shadow imp hits you.
You take 2 damage, and have 9/18 hp.
You thump the shadow imp!
You kill the shadow imp!
You have reached level 2!
Your demonic ancestry asserts itself...
Sharp spines emerge from parts of your body.
You regained 3 hp, and now have 12/24 hp.
MP restored: 2 Unknown command.
Unknown command.
You start resting.
HP restored.
Health restored: 24
Found a hammer.
Found a runed translucent door.
Found a long sword.
A bombardier beetle comes into view.
You see here a +0 long sword.
Press: ? - help, . - travel You can't see that place. [the floor.] Placed new exclusion.
A hound comes into view.
Found a scroll labelled SIGRIW IHI VIX.
Found a knobbly glowing staff.
Found 5 gold pieces.
Found a battleaxe.
An iguana comes into view.
The iguana hisses angrily.
You see here a scroll labelled SIGRIW IHI VIX.
h - a scroll labelled SIGRIW IHI VIX
Found a scroll labelled WOLIOCS NUUMUH.
You see here a staff of conjuration {!a}.
The iguana bites you.
You take 6 damage, and have 18/24 hp.
MASSIVE DAMAGE!!
You hit the iguana.
The iguana is moderately wounded.
The iguana closely misses you.
You hit the iguana but do no damage.
The iguana is moderately wounded.
The iguana is struck by your spines. The iguana bites you!
* * * LOW HITPOINT WARNING * * *
You take 8 damage, and have 10/24 hp.
MASSIVE DAMAGE!!
You hit the iguana but do no damage.
The iguana is moderately wounded.
The iguana bites you.
* * * LOW HITPOINT WARNING * * *
The iguana barely misses you.
You take 3 damage, and have 7/24 hp.
You hit the iguana.
The iguana is heavily wounded.
The iguana is struck by your spines. The iguana bites you!
You die...

..███ ..██.█
█...████ ██.██..█
..█....███..█..█
.......█...█..█
.████.....█..█ .█
███.....█ .█
█.....████ ██
██.....|.█████
█.....██.l@..█
█......██..██████.█
....... █...█ ..█
....... █.█.█ █.█
.)..... ..█.█ .█
...$.....?█.. .█
...........█.. █
.......


You could see an iguana.

Vanquished Creatures
  2 shadow imps (D:5)
2 creatures vanquished.

Notes
Turn   | Place    | Note
-------+----------+-------------------------------------------
     0 | D:5      | Goblin1989 the Demonspawn Delver began the quest for the
                  | Orb.
     0 | D:5      | Reached XP level 1. HP: 18/18 MP: 1/1
    75 | D:5      | Gained mutation: You are partially covered in sharp spines.
                  | [demonic ancestry]
    75 | D:5      | Reached XP level 2. HP: 12/24 MP: 2/2
   131 | D:5      | Found a runed translucent door.
   132 | D:5      | Noticed Crazy Yiuf
   161 | D:5      | Noticed a bombardier beetle
   189 | D:5      | Slain by an iguana

Illustrated notes

Levels and vault maps discovered:
D:5:      layout_rooms, okawaru_metal_pillars_1_2, uniq_crazy_yiuf_cottage

Skill      XL: |  1 |
---------------+----+-----
Maces & Flails | 2 |  2.7
Fighting       | |  3.0
Dodging        | |  1.7
Stealth        | |  4.5

Action                     || total
---------------------------++-------
  Melee: Mace              ||    24
 Armour: Leather armour    ||    16
  Dodge: Dodged            ||    12
